 Dungeon Crawl Stone Soup version 0.30.1-3-gfc49f6343a (webtiles) character file.

Game seed: 7958233986467702769

460 Eryximachus the Magician (level 7, -1/43 HPs)
             Began as an Octopode Hedge Wizard on Aug 5, 2023.
             Was an Initiate of Gozag.
             Slain by a centaur (6 damage)
             ... on level 6 of the Dungeon on Aug 6, 2023.
             The game lasted 00:38:10 (8166 turns).

Eryximachus the Magician (Octopode Hedge Wizard)    Turns: 8166, Time: 00:38:11

Health: -1/43      AC:  1    Str:  9    XL:     7   Next: 7%
Magic:  10/13      EV: 13    Int: 19    God:    Gozag
Gold:   280        SH:  0    Dex: 11    Spells: 6/14 levels left

rFire   . . .        a - +0 dagger (venom)
rCold   . . .        (no shield)
rNeg    . . .        q - +0 hat
rPois   +            (no amulet)
rElec   .            p - ring of poison resistance
rCorr   .            v - ring of see invisible
SInv    +            (no ring)
Will    .....        (no ring)
Stlth   +++          (no ring)
HPRegen 0.27/turn    (no ring)
MPRegen 0.13/turn    (no ring)
                     (no ring)

%: no passive effects
@: no status effects
A: almost no armour, amphibious, 8 rings, camouflage 1, gelatinous body 1,
(nimble swimmer 1), tentacles
a: Renounce Religion, Potion Petition, Call Merchant, Bribe Branch


You were on level 6 of the Dungeon.
You worshipped Gozag.
Gozag was aware of your devotion.
You visited 2 branches of the dungeon, and saw 7 of its levels.

You collected 347 gold pieces.
You paid 67 gold pieces to Gozag.


Innate Abilities, Weirdness & Mutations

You cannot wear most types of armour.
You are amphibious.
You can wear up to eight rings at the same time.
Your skin changes colour to match your surroundings (Stealth+).
Your rubbery body absorbs attacks. (AC +1, EV +1)
((You are camouflaged when in or above water. (Stealth+)))
You have tentacles for arms and can constrict up to eight enemies at once.


   Skills:
 - Level 1.0 Fighting
 - Level 2.0 Dodging
 - Level 3.0 Stealth
 - Level 4.0 Spellcasting
 + Level 2.8 Conjurations
 - Level 3.0 Summonings
 - Level 3.0 Translocations
 + Level 1.7 Air Magic
 * Level 3.3 Poison Magic


You had 6 spell levels left.
You knew the following spells:

 Your Spells              Type           Power      Damage    Failure   Level
a - Magic Dart            Conj           56%        1d5       4%          1
b - Call Imp              Summ           30%        N/A       6%          2
c - Blink                 Tloc           30%        N/A       6%          2
d - Mephitic Cloud        Conj/Pois/Air  13%        N/A       14%         3

Your spell library contained the following spells:

 Spells                   Type           Power      Damage    Failure   Level
 Shock                    Conj/Air       48%        1d6       5%          1
 Cigotuvi's Dreadful Rot  Necr/Pois/Air  20%        N/A       11%         2
 Slow                     Hex            12%        N/A       14%         1
 Swiftness                Air            10%        N/A       21%         3
 Hailstorm                Conj/Ice       9%         3d4       22%         3
 Confusing Touch          Hex            3%         N/A       38%         3
 Vampiric Draining        Necr           3%         2d6       38%         3
 Airstrike                Air            5%         2d(1-17)  54%         4
 Ice Form                 Ice/Tmut       3%         N/A       80%         4
 Simulacrum               Ice/Necr       Unusable   N/A       N/A         6

Inventory:

Hand Weapons
 a - a +0 dagger of venom (weapon)
Armour
 q - a +0 hat (worn)
Jewellery
 p - a ring of poison resistance (left tentacle)
 v - a ring of see invisible (right tentacle)
Wands
 b - a wand of flame (12)
 k - a wand of roots (11)
Scrolls
 d - 2 scrolls of vulnerability
 g - a scroll of magic mapping {unknown}
 h - a scroll of fog {unknown}
 i - 2 scrolls of teleportation {@r2}
 m - a scroll of poison {unknown}
 r - a scroll of enchant weapon {unknown}
 s - a scroll of silence {unknown}
Potions
 c - a potion of magic
 e - 2 potions of ambrosia
 f - a potion of degeneration {unknown}
 j - a potion of curing {@q1}
 l - a potion of attraction
 n - 2 potions of heal wounds {unknown}
 o - 3 potions of flight
 t - a potion of brilliance {unknown}

Dungeon Overview and Level Annotations

Branches:
Dungeon (6/15)             Temple (1/1) D:4

Altars:
Ashenzari
Cheibriados
Dithmenos
Fedhas
Gozag
Hepliaklqana
Kikubaaqudgha
Makhleb
Okawaru
Qazlal
Ru
Uskayaw
Vehumet
Xom
The Shining One

Annotations:
D:3 Sigmund

#..#.# #.# ...
##..#.###.### $
#............#
#...#..........###
#.###............
.. #..........# #.
#.........!#(. #
..#.............
........@c....#
###.####.....##
###..## .## # $


You could see a centaur (extremely poisoned).


Message History

Your cerulean imp closely misses the ice beast.
The ice beast attacks as you move away! The ice beast closely misses you.
There is a stone staircase leading up here.
You see here 6 gold pieces.
The ice beast attacks as you move away! The ice beast misses you.
Your cerulean imp hits the ice beast but does no damage.
The ice beast hits you but does no damage.
As you read the scroll labelled LOIBIS VIDOTA, it crumbles to dust.
You feel strangely unstable.
It was a scroll of teleportation.
Your cerulean imp hits the ice beast but does no damage.
The ice beast hits you. The ice beast freezes you!
* * * LOW HITPOINT WARNING * * *
Your cerulean imp hits the ice beast from afar with a -3 spear.
Your cerulean imp hits the ice beast from afar with a -3 spear.
Your surroundings suddenly seem different.
Found a potion of attraction and 8 stones.
The helpless centaur fails to defend itself.
You puncture the centaur!
The centaur is poisoned.
You squeeze the centaur.
The centaur is severely wounded.
The centaur hits you.
* * * LOW HITPOINT WARNING * * *
The centaur kicks you.
* * * LOW HITPOINT WARNING * * *
The centaur barely misses you. The centaur misses you.
You hit the centaur.
The centaur looks as sick as possible!
You tentacle-slap the centaur.
The centaur is almost dead.
The centaur hits you.
You die...
Your body crumbles into a pile of gold.

Skill      XL: |  1  2  3  4  5  6 |
---------------+-------------------+-----
Stealth        | 3 |  3.0
Summonings     | 2 3 |  3.0
Conjurations   | 2 |  2.8
Fighting       | 1 |  1.0
Spellcasting   | 4 |  4.0
Translocations | 3 |  3.0
Poison Magic   | 3 |  3.3
Air Magic      | 1 |  1.7
Dodging        | |  2.0

Action                     |  1- 3 |  4- 6 |  7- 9 || total
---------------------------+-------+-------+-------++-------
  Melee: Dagger            |    21 |    39 |    10 ||    70
         Constrict         |     3 |    15 |     1 ||    19
         Tentacles         |     2 |    11 |     3 ||    16
         Punch             |       |       |     1 ||     1
   Fire: Sling             |     4 |    17 |       ||    21
   Cast: Magic Dart        |    47 |    43 |     1 ||    91
         Call Imp          |     9 |    40 |     5 ||    54
    Use: Scroll            |       |     5 |     1 ||     6
   Stab: Sleeping          |       |     1 |     1 ||     2
 Armour: Skin              |     6 |     4 |     1 ||    11
  Dodge: Dodged            |    29 |    44 |     8 ||    81

Levels and vault maps discovered:
D:1:      elethiomel_arrival_quiet, layout_rooms
D:2:      layout_loops_ring, uniq_terence
D:3:      layout_loops_ring, chequers_temple_overflow_minitemple,
          okawaru_gym_becter, chequers_serial_rivers_micro_e,
          chequers_serial_rivers_marsh, uniq_sigmund
D:4:      layout_basic, kennysheep_mini_moat, temple_green, dreamdust_gnoll_farm
D:5:      layout_basic, lemuel_flamethrower_2
D:6:      hangedman_cross_stitches, layout_rooms, nemelex_diamond_rough_becter
Temple:   jpeg_temple_alley_garden

Notes
Turn   | Place    | Note
-------+----------+-------------------------------------------
     0 | D:1      | Eryximachus the Octopode Hedge Wizard began the quest for
                  | the Orb.
     0 | D:1      | Reached XP level 1. HP: 11/11 MP: 4/4
   347 | D:1      | Reached XP level 2. HP: 17/17 MP: 0/6
   466 | D:1      | Reached skill level 3 in Stealth
   545 | D:1      | Learned a level 2 spell: Call Imp
  1425 | D:2      | Noticed Terence
  1454 | D:2      | Reached XP level 3. HP: 15/21 MP: 4/7
  1480 | D:2      | Learned a level 2 spell: Blink
  1709 | D:2      | Reached skill level 2 in Summonings
  2093 | D:3      | Noticed Sigmund
  2300 | D:3      | Found an iron altar of Okawaru.
  2355 | D:3      | Reached skill level 2 in Conjurations
  2810 | D:3      | Learned a level 3 spell: Mephitic Cloud
  3034 | D:3      | Reached XP level 4. HP: 13/27 MP: 5/8
  3261 | D:3      | Found a faded altar of an unknown god.
  3261 | D:3      | Found a stormy altar of Qazlal.
  3270 | D:3      | Found a radiant altar of Vehumet.
  3425 | D:3      | Found a faded altar of an unknown god.
  3427 | D:3      | Found a glowing golden altar of the Shining One.
  4267 | D:4      | Reached skill level 1 in Fighting
  4452 | D:4      | Found a staircase to the Ecumenical Temple.
  4524 | Temple   | Entered the Ecumenical Temple
  4756 | Temple   | Became a worshipper of Gozag Ym Sagoz the Greedy
  4968 | D:2      | Killed Terence
  4969 | D:2      | Reached skill level 3 in Summonings
  4969 | D:2      | Reached XP level 5. HP: 11/33 MP: 4/10
  5631 | D:4      | Reached skill level 4 in Spellcasting
  5633 | D:4      | Reached skill level 2 in Translocations
  5808 | D:4      | Found a shadowy altar of Dithmenos.
  6287 | D:4      | Reached skill level 3 in Translocations
  6287 | D:4      | Reached XP level 6. HP: 33/38 MP: 9/12
  6294 | D:4      | Reached skill level 1 in Poison Magic
  6558 | D:4      | Reached skill level 1 in Air Magic
  6558 | D:4      | Reached skill level 2 in Poison Magic
  7046 | D:5      | Entered Level 5 of the Dungeon
  7101 | D:5      | Noticed a water moccasin
  7725 | D:5      | Reached skill level 3 in Poison Magic
  7949 | D:5      | Reached XP level 7. HP: 29/43 MP: 10/13
  8166 | D:6      | Slain by a centaur

Vanquished Creatures
  4 hounds
  2 iguanas
  A sleepcap (D:6)
  2 orc wizards (D:4)
  Terence (D:2)
  4 gnolls (D:4)
  2 adders
  An ufetubus (D:5)
  A worm (D:3)
  2 orcs (D:4)
  A ball python (D:4)
  4 endoplasms
  A giant cockroach (D:2)
  8 goblins
  4 hobgoblins
  2 jackals (D:4)
  4 quokkas
  5 bats
  2 frilled lizards
  2 kobolds
  6 rats
59 creatures vanquished.

Vanquished Creatures (collateral kills)
  An iguana (D:4)
  3 gnolls (D:4)
  An ufetubus (D:3)
  A worm (D:3)
  3 orcs (D:4)
  A bat (D:1)
  2 hobgoblins
  A rat (D:1)
13 creatures vanquished.

Grand Total: 72 creatures vanquished

Table legend: (Time is in decaauts)
 A = Elapsed time spent in this place.
 B = Non-inter-level travel time spent in this place.
 C = Inter-level travel time spent in this place.
 D = Time resting spent in this place.
 E = Time spent auto-exploring this place.
 F = Levels seen in this place.
 G = Mean time per level.
                   A        B        C        D        E       F      G
               +--------+--------+--------+--------+--------+-----+--------+
         Total |   8173 |   7378 |    795 |   3296 |    970 |   7 | 1167.6 |
       Dungeon |   7899 |   7201 |    698 |   3296 |    801 |   6 | 1316.5 |
        Temple |    273 |    176 |     97 |      0 |    169 |   1 |  273.0 |
               +--------+--------+--------+--------+--------+-----+--------+

Top non-repeatable levels by time:
     D:4: 2445 daAuts
     D:3: 1943 daAuts
     D:2: 1317 daAuts
     D:1: 1101 daAuts
     D:5: 891 daAuts
  Temple: 273 daAuts
     D:6: 200 daAuts

Table legend:
 A = Non-vault XP
 B = Vault XP
 C = Vault XP percentage of total XP
 D = Non-vault monster count
 E = Vault monster count
 F = Vault count percentage of total count
                 A         B        C        D         E       F
            +---------+---------+-------+---------+---------+-------
      Total |     501 |     157 |  23.9 |      66 |       6 |   8.3
            +---------+---------+-------+---------+---------+-------
        D:1 |      29 |       0 |   0.0 |      19 |       0 |   0.0
        D:2 |      23 |      32 |  58.2 |       7 |       1 |  12.5
        D:3 |      35 |       0 |   0.0 |      13 |       0 |   0.0
        D:4 |     245 |     125 |  33.8 |      22 |       5 |  18.5
        D:5 |     132 |       0 |   0.0 |       4 |       0 |   0.0
        D:6 |      37 |       0 |   0.0 |       1 |       0 |   0.0
            +---------+---------+-------+---------+---------+-------
